 Dungeon Crawl Stone Soup version 0.25.0-9-g26727b657a (webtiles) character file.

Game seed: 4342326954524455638

44855 Flugkiller the Severer (level 13, -2/130 HPs)
             Began as a Deep Dwarf Fighter on June 22, 2020.
             Was the Champion of Makhleb.
             Slain by a very large slime creature (25 damage)
             ... on level 15 of the Dungeon.
             The game lasted 00:10:39 (12889 turns).

Flugkiller the Severer (Deep Dwarf Fighter)        Turns: 12889, Time: 00:10:39

Health: -2/130     AC: 19    Str: 25    XL:     13   Next: 98%
Magic:  5/5        EV:  6    Int:  9    God:    Makhleb [******]
Gold:   1162       SH: 13    Dex: 12    Spells: 12/12 levels left

rFire    + . .     SeeInvis +   a - +0 war axe
rCold    . . .     Gourm    .   c - +0 kite shield
rNeg     . . .     Faith    +   F - +0 plate armour
rPois    .         Spirit   .   f - +1 helmet
rElec    .         Reflect  .   G - scarf {repulsion}
rCorr    .         Harm     .   (no gloves)
MR       +....                  u - +0 pair of boots
Stlth    ..........             s - amulet of faith
HPRegen  0.00/turn              i - ring of see invisible
MPRegen  0.09/turn              A - ring "Guhiv" {rF+ Stlth+}

@: marked, non-regenerating, studying Axes, repel missiles
A: damage resistance, heal wounds, sense surroundings 2, no regeneration
a: Heal Wounds, Minor Destruction, Lesser Servant of Makhleb, Major Destruction,
Greater Servant of Makhleb, Renounce Religion


You were on level 15 of the Dungeon.
You worshipped Makhleb.
Makhleb was exalted by your worship.
You were not hungry.

You visited 3 branches of the dungeon, and saw 20 of its levels.

You collected 1162 gold pieces.

Inventory:

Hand Weapons
 a - a +0 war axe (weapon)
Missiles
 j - a throwing net (quivered)
Armour
 c - a +0 kite shield (worn)
 f - a +1 helmet (worn)
   (You took it off Robin on level 4 of the Dungeon)
 u - a +0 pair of boots (worn)
   (You found it on level 3 of the Dungeon)
 F - a +0 plate armour (worn)
   (You found it on level 4 of the Dungeon)
 G - a scarf of repulsion (worn)
   (You found it on level 8 of the Dungeon)
Jewellery
 i - a ring of see invisible (left hand)
   (You found it on level 6 of the Dungeon)
 s - an amulet of faith (around neck)
   (You found it on level 5 of the Dungeon)
 A - the ring "Guhiv" (right hand) {rF+ Stlth+}
   (You found it on level 6 of the Dungeon)

   [ring of stealth]

   It protects you from fire.
   It makes you more stealthy.
 K - a cursed amulet of inaccuracy {unknown}
   (You found it on level 3 of the Lair of Beasts)
 L - the amulet "Xagaen" {Inacc rF++ rN+ Str+4}
   (You found it on level 3 of the Lair of Beasts)

   [amulet of inaccuracy]

   It reduces the accuracy of all your attacks.
   It affects your strength (+4).
   It greatly protects you from fire.
   It protects you from negative energy.
 M - a cursed -4 ring of evasion {unknown}
   (You found it on level 12 of the Dungeon)
Wands
 k - a wand of iceblast (23)
   (You found it on level 10 of the Dungeon)
 l - a wand of acid (13)
   (You found it on level 11 of the Dungeon)
 m - a wand of enslavement (11)
   (You found it on level 12 of the Dungeon)
 v - a wand of digging (12)
   (You found it on level 7 of the Dungeon)
Scrolls
 p - a scroll of immolation
 r - 4 scrolls of identify
 t - 5 scrolls of teleportation
 x - 12 scrolls of remove curse
 y - 2 scrolls of noise {unknown}
 z - 3 scrolls of blinking
 D - 6 scrolls of magic mapping
 I - a scroll of fog
Potions
 d - 5 potions of might
 g - 6 potions of mutation
 h - 8 potions of haste
 n - a potion of resistance
 o - 5 potions of flight
 q - 7 potions of curing
 w - 4 potions of heal wounds
 B - 2 potions of berserk rage
 C - 2 potions of magic
 E - a potion of ambrosia {unknown}
 H - 2 potions of degeneration {unknown}
Books
 b - a manual of Axes
   (You acquired it on level 3 of the Lair of Beasts)
Comestibles
 e - 35 rations
 J - a chunk of flesh


   Skills:
 * Level 12.5 Fighting
 * Level 16.3 Axes
 + Level 11.0 Armour
 + Level 11.0 Shields
 + Level 10.1 Invocations


You had 12 spell levels left.
You didn't know any spells.
Your spell library was empty.

Dungeon Overview and Level Annotations

Branches:
Dungeon (15/15)            Temple (1/1) D:4            Lair (4/6) D:11
  Swamp (0/4) Lair:3        Snake (0/4) Lair:4          Orc (0/2) D:12
 Vaults (0/5) D:13
 Depths: D:15

Altars:
Ashenzari
Cheibriados
Dithmenos
Elyvilon
Fedhas
Gozag
Hepliaklqana
Kikubaaqudgha
Makhleb
Nemelex Xobeh
Okawaru
Qazlal
Ru
Sif Muna
Trog
Uskayaw
Vehumet
Wu Jian
Xom
Yredelemnul
Zin
The Shining One

Shops:
D:12 (

Annotations:
D:13 exclusion: 4 oklob plants


Innate Abilities, Weirdness & Mutations

You are resistant to damage.
You can heal yourself by infusing magical energy.
You passively map the area around you.
You do not regenerate.


Message History

You slash the very large slime creature!
The very large slime creature is severely wounded.
The very large slime creature hits you!
You are too confused!
You're too confused!
You feel better.
Two slime creatures merge to form a large slime creature.
The golden eye blinks at you.
You are confused.
The very large slime creature hits you!!!
You bump into the rock wall.
The golden eye blinks at you. You resist with some effort.
The very large slime creature hits you!!
* * * LOW HITPOINT WARNING * * *
The golden eye blinks!
You feel less confused.
You feel better.
The very large slime creature hits you!!
You die...

,. *, ,* ..#+### *
*, ....... ,,,
....... ** *
...:...*
*#......##########
* ......ZJ.H.uC...#
,, *
.......########J#
.......* #@# , ,,,*
.#.#### #.# ** #,
#.# * #.# * , , *
#.# , , #.#* ,
################.#
, * *
...............).#,
, *
##################
* *#..#


You could see a very large slime creature (corroded).

Vanquished Creatures
  A sphinx (D:13)
  A tengu reaver (D:13)
  4 vault guards (D:13)
  A centaur warrior (D:13)
  Harold (D:7)
  A two-headed ogre (D:13)
  Sonja (Lair:4)
  3 unseen horrors
  2 orc knights
  A harpy (shapeshifter) (D:14)
  Pikel (D:7)
  2 manticores (D:13)
  3 cyclopes
  An ugly thing (D:13)
  A black mamba (Lair:2)
  4 spiny frogs
  5 komodo dragons
  A kobold demonologist (D:14)
  Maggie (D:9)
  3 centaur skeletons
  A yaktaur (D:13)
  An efreet (D:14)
  A tengu conjurer (D:13)
  4 trolls
  4 meliai (D:13)
  A queen bee (D:13)
  A meliai zombie (D:14)
  9 blink frogs
  10 hippogriffs
  A centaur simulacrum (D:14)
  27 yaks
  A vampire (D:11)
  A tarantella (shapeshifter) (D:12)
  2 wyverns (D:13)
  2 wraiths
  2 humans (D:13)
  4 hungry ghosts
  3 steam dragons
  A basilisk (Lair:2)
  2 soldier ants
  Menkaure (D:7)
  2 nagas (Lair:4)
  2 acid dragons (D:13)
  Duvessa (D:7)
  5 porcupines
  7 water moccasins
  9 orc warriors
  3 phantoms
  5 ice beasts
  4 sky beasts
  An eye of draining (shapeshifter) (D:13)
  3 ogres
  A necrophage (D:14)
  4 wolves (Lair:4)
  8 centaurs
  10 crocodiles
  3 big kobolds
  12 bullfrogs
  Dowan (D:7)
  A water moccasin skeleton (D:7)
  10 scorpions
  36 killer bees
  2 howler monkeys (D:8)
  4 crimson imps
  6 hounds
  A quasit (D:5)
  5 centaur zombies
  3 bullfrog zombies
  2 jellies
  6 orc priests
  A bullfrog skeleton (D:13)
  6 iguanas
  7 orc wizards
  7 worker ants
  A killer bee zombie (D:10)
  2 hound zombies
  A hound skeleton (D:6)
  Robin (D:4)
  7 gnolls
  8 adders
  2 shadow imps
  2 oozes
  An adder zombie (D:9)
  5 adder skeletons
  2 worms
  2 dart slugs (D:2)
  2 leopard geckos
  42 orcs
  2 ball pythons
  3 giant cockroaches
  9 goblins
  12 hobgoblins
  12 jackals
  12 kobolds
  3 quokkas
  4 bats
  A frilled lizard (D:3)
  A jackal skeleton (D:5)
  A quokka skeleton (D:7)
  A rat (D:2)
434 creatures vanquished.

Vanquished Creatures (collateral kills)
  3 hydras
  A cyclops (D:13)
  A rime drake (Lair:2)
  A slime creature (shapeshifter) (D:13)
  A hippogriff (Lair:2)
  4 yaks
  A bullfrog (Lair:2)
  4 killer bees (D:13)
  An orc wizard (D:13)
  A worker ant (D:13)
18 creatures vanquished.

Vanquished Creatures (others)
  An ogre mage (D:13)
  3 fungi (Lair:2)
  4 plants (Lair:2)
8 creatures vanquished.

Grand Total: 460 creatures vanquished

Notes
Turn   | Place    | Note
-------+----------+-------------------------------------------
     0 | D:1      | Flugkiller the Deep Dwarf Fighter began the quest for the
                  | Orb.
     0 | D:1      | Reached XP level 1. HP: 20/20 MP: 1/1
   140 | D:2      | Reached XP level 2. HP: 22/27 MP: 2/2
   352 | D:2      | Reached XP level 3. HP: 21/34 MP: 3/3
   464 | D:2      | Reached skill level 3 in Axes
   667 | D:3      | Reached XP level 4. HP: 38/42 MP: 4/4
   772 | D:4      | Noticed Robin
   783 | D:4      | Killed Robin
   901 | D:4      | Found a staircase to the Ecumenical Temple.
   932 | Temple   | Entered the Ecumenical Temple
  1047 | D:4      | Found an opulent altar of Gozag.
  1180 | D:4      | Noticed a sky beast
  1188 | D:4      | Killed a sky beast
  1188 | D:4      | Reached skill level 4 in Axes
  1188 | D:4      | Reached XP level 5. HP: 22/50 MP: 5/5
  1381 | D:5      | Entered Level 5 of the Dungeon
  1381 | D:5      | Found a sparkling altar of Nemelex Xobeh.
  1382 | D:5      | Noticed a centaur
  1400 | D:5      | Killed a centaur
  1400 | D:5      | Reached XP level 6. HP: 35/58 MP: 5/5
  1494 | D:5      | Reached skill level 5 in Axes
  1643 | D:5      | Reached XP level 7. HP: 37/66 MP: 6/6
  1818 | D:5      | Reached skill level 5 in Fighting
  1897 | D:5      | Reached skill level 5 in Armour
  1968 | D:5      | Reached skill level 5 in Shields
  2011 | D:5      | Reached skill level 6 in Axes
  2153 | D:6      | Reached XP level 8. HP: 39/76 MP: 6/6
  2360 | D:6      | Reached skill level 7 in Axes
  2391 | D:6      | Got a steaming golden ring
  2604 | D:7      | Noticed Harold
  2610 | D:7      | Noticed Menkaure
  2612 | D:7      | Noticed Dowan
  2612 | D:7      | Noticed Duvessa
  2623 | D:7      | Killed Menkaure
  2624 | D:7      | Killed Duvessa
  2625 | D:7      | Killed Harold
  2625 | D:7      | Reached skill level 8 in Axes
  2625 | D:7      | Gained mutation: You passively map the area around you.
                  | [Deep Dwarf growth]
  2625 | D:7      | Reached XP level 9. HP: 29/86 MP: 6/6
  2631 | D:7      | Killed Dowan
  2653 | D:7      | Found an ornate altar of the Wu Jian Council.
  2660 | D:7      | Found a snail-covered altar of Cheibriados.
  2887 | D:7      | Noticed Pikel
  2900 | D:7      | Killed Pikel
  3136 | D:8      | Reached skill level 9 in Axes
  3537 | D:3      | Identified the ring "Guhiv" {rF+ Stlth+} (You found it on
                  | level 6 of the Dungeon)
  3593 | D:3      | Found a radiant altar of Vehumet.
  3602 | D:3      | Found an ancient bone altar of Kikubaaqudgha.
  3603 | D:3      | Found a shimmering blue altar of Sif Muna.
  3705 | D:3      | Found a burning altar of Makhleb.
  3705 | D:3      | Found a blossoming altar of Fedhas.
  3774 | D:3      | Became a worshipper of Makhleb the Destroyer
  3941 | D:8      | Reached XP level 10. HP: 51/96 MP: 5/5
  4051 | D:8      | Reached skill level 1 in Invocations
  4462 | D:9      | Noticed Maggie
  4487 | D:9      | Killed Maggie
  4557 | D:9      | Found a shimmering altar of Xom.
  4844 | D:9      | Found a white marble altar of Elyvilon.
  4873 | D:9      | Found a bloodstained altar of Trog.
  4898 | D:10     | Entered Level 10 of the Dungeon
  4975 | D:10     | Reached skill level 10 in Axes
  5005 | D:10     | Reached * piety under Makhleb
  5328 | D:10     | Reached ** piety under Makhleb
  5690 | D:11     | Found a staircase to the Lair.
  6572 | Lair:1   | Entered Level 1 of the Lair of Beasts
  6749 | Lair:1   | Reached XP level 11. HP: 84/106 MP: 8/8
  6804 | Lair:1   | Reached *** piety under Makhleb
  6880 | Lair:1   | Reached skill level 11 in Axes
  7127 | Lair:1   | Reached skill level 5 in Invocations
  7671 | Lair:2   | Reached skill level 10 in Fighting
  8446 | Lair:3   | Reached **** piety under Makhleb
  8642 | Lair:3   | Reached skill level 12 in Axes
  8642 | Lair:3   | Reached XP level 12. HP: 65/117 MP: 8/8
  8649 | Lair:3   | Got a brightly glowing amethyst amulet
  8650 | Lair:3   | Identified the amulet "Xagaen" {Inacc rF++ rN+ Str+4} (You
                  | found it on level 3 of the Lair of Beasts)
  8658 | Lair:3   | Identified a scroll of acquirement
  8674 | Lair:3   | Found a staircase to the Swamp.
  9487 | Lair:4   | Noticed Sonja
  9492 | Lair:4   | Killed Sonja
  9540 | Lair:4   | Found a staircase to the Snake Pit.
 10040 | D:12     | Found Surchi Gega's Antique Weapon Shop.
 10291 | D:12     | Reached skill level 13 in Axes
 10457 | D:12     | Reached ***** piety under Makhleb
 10562 | D:12     | Found a staircase to the Orcish Mines.
 10603 | D:13     | Noticed a two-headed ogre
 10628 | D:13     | Noticed a centaur warrior
 10638 | D:13     | Killed a two-headed ogre
 10647 | D:13     | Killed a centaur warrior
 10745 | D:13     | Noticed a vault guard
 10770 | D:13     | Noticed a vault guard
 10770 | D:13     | Noticed an ogre mage
 10792 | D:13     | Killed an ogre mage
 10814 | D:13     | Killed a vault guard
 10814 | D:13     | Reached skill level 14 in Axes
 10814 | D:13     | Reached skill level 10 in Armour
 10814 | D:13     | Reached skill level 10 in Shields
 10905 | D:13     | Killed a vault guard
 11016 | D:13     | Reached XP level 13. HP: 67/127 MP: 8/8
 11349 | D:13     | Noticed a tengu reaver
 11351 | D:13     | Noticed a sphinx
 11401 | D:13     | Killed a tengu reaver
 11401 | D:13     | Reached skill level 15 in Axes
 11448 | D:13     | Killed a sphinx
 11842 | D:13     | Found a gate to the Vaults.
 12115 | D:14     | Reached ****** piety under Makhleb
 12257 | D:14     | Reached skill level 16 in Axes
 12425 | D:14     | Reached skill level 10 in Invocations
 12677 | D:15     | Entered Level 15 of the Dungeon
 12889 | D:15     | Slain by a very large slime creature

Illustrated notes

Levels and vault maps discovered:
D:1:      dpeg_arrival_windows_large_door, layout_basic
D:2:      layout_loops_corners, first_ration
D:3:      layout_basic, grunt_temple_overflow_magic_moments,
          gammafunk_temple_overflow_wave
D:4:      layout_basic, temple_fountains, grunt_gozag_statues, uniq_robin
D:5:      layout_basic, nemelex_xobeh_ov_fountains_minmay
D:6:      layout_cave_pools
D:7:      cheibrodos_steamvent, layout_basic, minitemple, uniq_duvessa,
          uniq_pikel, uniq_harold, uniq_menkaure
D:8:      layout_loops_ring
D:9:      layout_basic, lightli_temple_of_fire, kennysheep_mini_moat,
          basic_altar, nrook_uturn, uniq_maggie
D:10:     layout_loops_ring
D:11:     layout_cave_pods, lair_entry_dummy
D:12:     layout_irregular_city, david_orc_4, serial_shops, shop
D:13:     hangedman_what_comes_after_a, layout_rooms,
          grunt_vaults_entry_fortified, blue_anna_alchemist
          [blue_anna_fruit_fields, blue_anna_fruit_fields], minmay_misc_feat_chi
D:14:     layout_roguey
D:15:     gammafunk_enter_depths_forms, layout_basic, gauntlet_entry_generic,
          hangedman_abyss_or_decor_lesser_grid
Temple:   cyrus_circular_temple
Lair:1:   layout_gridlike
Lair:2:   layout_loops_ring, infiniplex_staircase_pool
Lair:3:   layout_hall_layers, swamp_mist_pool
Lair:4:   layout_hall_layers, guppyfry_snake_entry_island, uniq_sonja

Skill      XL: |  1  2  3  4  5  6  7  8  9 10 11 12 13 |
---------------+----------------------------------------+-----
Fighting       | 3 4 5 7 8 9 10 11 12 | 12.5
Axes           | 3 4 5 6 8 9 10 12 14 16 | 16.3
Armour         | 4 5 6 7 8 9 10 11 | 11.0
Shields        | 4 5 6 7 8 9 10 11 | 11.0
Invocations    | 4 6 8 10 | 10.1

Action                   |  1- 3 |  4- 6 |  7- 9 | 10-12 | 13-15 || total
-------------------------+-------+-------+-------+-------+-------++-------
Melee: War axe           |   114 |   145 |   327 |  1126 |   528 ||  2240
Invok: Lesser Servant of |       |       |       |     3 |     9 ||    12
 Abil: Heal Wounds       |     1 |     3 |     9 |    32 |    17 ||    62
Evoke: Wand              |       |       |     6 |     6 |     7 ||    19
  Use: Scroll            |       |       |    11 |    14 |       ||    25
       Potion            |       |       |       |     3 |     4 ||     7
 Stab: Distracted        |       |       |       |     2 |       ||     2
       Confused          |       |       |       |     2 |       ||     2
  Eat: Chunk             |       |     3 |     9 |    22 |     8 ||    42
       Ration            |       |       |     2 |     1 |     1 ||     4
Armor: Scale mail        |    59 |    27 |       |       |       ||    86
       Plate armour      |       |   130 |   197 |   610 |   389 ||  1326
       Skin              |       |       |       |    12 |       ||    12
Dodge: Dodged            |    43 |    46 |    54 |   217 |   134 ||   494
       Repelled          |       |       |       |    13 |     1 ||    14
Block: Kite shield       |    81 |   122 |   167 |   687 |   406 ||  1463
